 Dungeon Sprint DCSS version 0.30-a0-458-g86641cc369 (webtiles) character file.

Game seed: 1927128163766665808

2893 rocky1 the Fighter (level 9, 0/109 HPs)
             Began as an Ogre Gladiator on Dec 15, 2022.
             Was an Elder of Okawaru.
             Slain by a merfolk impaler
             ... wielding a +2 antimagic demon trident
              (5 damage)
             ... in the Dungeon (Sprint VII: "The Pits").
             The game lasted 00:09:08 (3045 turns).

rocky1 the Fighter (Ogre Gladiator)                 Turns: 3045, Time: 00:09:08

Health: 0/109      AC: 10    Str: 24    XL:     9   Next: 77%
Magic:  0/14       EV: 12    Int: 12    God:    Okawaru [****..]
Gold:   0          SH:  0    Dex: 13    Spells: 8/8 levels left

rFire   . . .      SeeInvis .    w - +1 broad axe (vorpal)
rCold   . . .      Faith    .    (no shield)
rNeg    . . .      Spirit   .    z - +0 swamp dragon scales
rPois   +          Reflect  .    c - +0 hat
rElec   .          Harm     .    x - +0 cloak
rCorr   .          Rampage  .    (gloves unavailable)
Will    .....      NoTele   +    (boots unavailable)
Stlth   +.........               (no amulet)
HPRegen 0.38/turn                r - +3 ring of dexterity
MPRegen 0.14/turn                s - +3 ring of intelligence

@: mighty
A: large, unfitting armour, tough skin 1
a: Renounce Religion, Heroism, Finesse


You were in the Dungeon.
You worshipped Okawaru.
Okawaru was greatly pleased with you.
You visited 1 branch

Inventory:

Hand Weapons
 a - a +0 war axe
 o - a +0 giant club
 p - a +1 vorpal hand axe
 q - a +2 vorpal flail
 w - a +1 vorpal broad axe (weapon)
 y - a +2 morningstar of protection
Missiles
 d - 3 throwing nets
 e - a large rock
 k - 2 javelins (quivered)
Armour
 b - a +0 robe
 c - a +0 hat (worn)
 x - a +0 cloak (worn)
 z - +0 swamp dragon scales (worn)
Jewellery
 r - a +3 ring of dexterity (left hand)
 s - a +3 ring of intelligence (right hand)
Scrolls
 m - 5 scrolls of amnesia
 n - a scroll of butterflies
Potions
 f - 5 potions of curing
 g - 6 potions of heal wounds
 h - a potion of haste
 i - 4 potions of magic
 j - a potion of berserk rage
 t - a potion of brilliance
 u - a potion of resistance


   Skills:
 + Level 12.7 Fighting
 + Level 12.5 Axes
 + Level 9.8 Throwing
 + Level 4.5 Armour
 + Level 9.3 Dodging
 - Level 7.0 Invocations


You had 8 spell levels left.
You didn't know any spells.
Your spell library was empty.

Dungeon Overview and Level Annotations

Branches:
Dungeon (1/1)

Altars:
Ashenzari
Cheibriados
Dithmenos
Elyvilon
Fedhas
Gozag
Hepliaklqana
Kikubaaqudgha
Makhleb
Nemelex Xobeh
Okawaru
Qazlal
Ru
Sif Muna
Trog
Uskayaw
Vehumet
Wu Jian
Xom
Yredelemnul
Zin
The Shining One
Jiyva
Lugonu


Innate Abilities, Weirdness & Mutations

You are too large for most types of armour.
You have tough skin. (AC +1)


Message History

The merfolk hits you with a +0 spear!
* * * LOW HITPOINT WARNING * * *
Unknown command.
You feel much better. The merfolk impaler closely misses you.
The merfolk impaler barely misses you. The merfolk hits you with a +0 spear!
* * * LOW HITPOINT WARNING * * *
You hit the merfolk impaler.
The merfolk impaler is lightly wounded.
You slash the merfolk!
The merfolk impaler hits you with a +2 antimagic demon trident!
* * * LOW HITPOINT WARNING * * *
The merfolk hits you with a +0 spear!
* * * LOW HITPOINT WARNING * * *
You feel much better.
The merfolk impaler barely misses you. x2
The merfolk hits you with a +0 spear.
You miss the merfolk impaler.
The merfolk impaler is lightly wounded.
You closely miss the merfolk. The merfolk impaler closely misses you.
The merfolk impaler hits you with a +2 antimagic demon trident.
* * * LOW HITPOINT WARNING * * *
You feel your power leaking away. The merfolk misses you.
You miss the merfolk impaler.
The merfolk impaler is lightly wounded.
You slash the merfolk! The merfolk impaler barely misses you.
The merfolk hits you but does no damage.
You slice the merfolk impaler!!
The merfolk impaler is heavily wounded.
You slash the merfolk!
The merfolk impaler hits you with a +2 antimagic demon trident.
* * * LOW HITPOINT WARNING * * *
The merfolk impaler hits you with a +2 antimagic demon trident!
* * * LOW HITPOINT WARNING * * *
The merfolk hits you with a +0 spear.
* * * LOW HITPOINT WARNING * * *
You feel much better.
The merfolk impaler hits you with a +2 antimagic demon trident!!
* * * LOW HITPOINT WARNING * * *
The merfolk impaler hits you with a +2 antimagic demon trident.
You die...

#o####)##'###...<...###....
#)#..†.....##.......# ##++#
#.#........##.......###....
#'###########.......##.....
#.m#.#.##..###########.....
#..m....#.############..y..
##.#o#.##)#....#..[[###.§y.
#.......#'#....#..[.# ##yy#
##.#.#.##m@....'...)# y...
#.......#m#....#..))# k.y..
##.#.#..'.#....#..).##.....
##########################


You could see a merfolk impaler and a merfolk.

Vanquished Creatures
  A hydra (D)
  A swamp dragon (D)
  A cane toad (D)
  An efreet (D)
  A merfolk (D)
  Sigmund (D)
  A wraith (D)
  A basilisk (D)
  2 floating eyes (D)
  2 ogres (D)
  A bullfrog (D)
  A scorpion (D)
  5 killer bees (D)
  A jelly (D)
  A gnoll bouda (D)
  A small abomination (D)
  6 gnolls (D)
  2 river rats (D)
  2 adder zombies (D)
  An orc (D)
  A giant cockroach (D)
  A hobgoblin (D)
  3 jackals (D)
  A ball python (D)
  2 frilled lizards (D)
  A quokka skeleton (D)
  A quokka zombie (D)
43 creatures vanquished.

Vanquished Creatures (others)
  A rime drake (D)
1 creature vanquished.

Grand Total: 44 creatures vanquished

Notes
Turn   | Place    | Note
-------+----------+-------------------------------------------
     0 | D        | rocky1 the Ogre Gladiator began the quest for the Orb.
     0 | D        | Reached XP level 1. HP: 22/22 MP: 1/1
    45 | D        | Found a bloodstained altar of Trog.
    45 | D        | Found a shimmering blue altar of Sif Muna.
    45 | D        | Found a viscous altar of Jiyva.
    45 | D        | Found a hazy altar of Hepliaklqana.
    45 | D        | Found an opulent altar of Gozag.
    46 | D        | Found a glowing golden altar of the Shining One.
    46 | D        | Found a glowing silver altar of Zin.
    46 | D        | Found a basalt altar of Yredelemnul.
    46 | D        | Found a shimmering altar of Xom.
    46 | D        | Found an ornate altar of the Wu Jian Council.
    46 | D        | Found a sacrificial altar of Ru.
    46 | D        | Found a stormy altar of Qazlal.
    46 | D        | Found an iron altar of Okawaru.
    46 | D        | Found a sparkling altar of Nemelex Xobeh.
    46 | D        | Found a burning altar of Makhleb.
    46 | D        | Found a blossoming altar of Fedhas.
    46 | D        | Found a white marble altar of Elyvilon.
    46 | D        | Found a shadowy altar of Dithmenos.
    46 | D        | Found a snail-covered altar of Cheibriados.
    49 | D        | Found a corrupted altar of Lugonu.
    49 | D        | Found a radiant altar of Vehumet.
    50 | D        | Found an ancient bone altar of Kikubaaqudgha.
    50 | D        | Found a hide-covered altar of Uskayaw.
    50 | D        | Found a broken altar of Ashenzari.
    54 | D        | Became a worshipper of Warmaster Okawaru
    74 | D        | Reached XP level 2. HP: 25/32 MP: 2/2
   253 | D        | Noticed an ogre
   262 | D        | Reached XP level 3. HP: 40/40 MP: 3/3
   266 | D        | Killed an ogre
   267 | D        | Reached XP level 4. HP: 53/53 MP: 4/4
   267 | D        | Reached XP level 5. HP: 61/61 MP: 5/5
   560 | D        | Noticed Sigmund
   586 | D        | Killed Sigmund
   587 | D        | Reached skill level 5 in Throwing
   587 | D        | Reached skill level 5 in Dodging
   587 | D        | Reached XP level 6. HP: 36/72 MP: 5/8
   833 | D        | Noticed a floating eye
   839 | D        | Killed a floating eye
   852 | D        | Noticed a floating eye
   855 | D        | Killed a floating eye
   855 | D        | Reached * piety under Okawaru
   856 | D        | Reached skill level 5 in Invocations
   856 | D        | Reached XP level 7. HP: 81/81 MP: 10/10
  1058 | D        | Noticed a wraith
  1070 | D        | Killed a wraith
  1092 | D        | Reached skill level 10 in Axes
  1343 | D        | Noticed a basilisk
  1343 | D        | Noticed a swamp dragon
  1634 | D        | Killed a swamp dragon
  1634 | D        | Reached ** piety under Okawaru
  1635 | D        | Reached skill level 10 in Fighting
  1635 | D        | Reached XP level 8. HP: 56/94 MP: 11/13
  1823 | D        | Reached skill level 1 in Armour
  2074 | D        | Noticed a cane toad
  2096 | D        | Killed a cane toad
  2097 | D        | Reached XP level 9. HP: 64/105 MP: 11/14
  2111 | D        | Reached *** piety under Okawaru
  2425 | D        | Noticed a rime drake
  2425 | D        | Noticed an efreet
  2433 | D        | Killed a rime drake
  2463 | D        | Noticed a six-headed hydra
  2463 | D        | Noticed a merfolk
  2564 | D        | Killed a six-headed hydra
  2570 | D        | Killed a merfolk
  2576 | D        | Killed an efreet
  2576 | D        | Reached **** piety under Okawaru
  2847 | D        | Received a gift from Okawaru
  2967 | D        | Noticed a deep elf zephyrmancer
  2967 | D        | Noticed a merfolk impaler
  2967 | D        | Noticed a merfolk
  2967 | D        | Noticed a merfolk
  2967 | D        | Noticed an orc high priest
  2974 | D        | Noticed an orange demon
  2979 | D        | Noticed an ice devil
  3044 | D        | HP: 5/109 [merfolk/+0 spear[a merfolk impaler] (3)]
  3045 | D        | Slain by a merfolk impaler

Illustrated notes

Levels and vault maps discovered:
D:        pitsprint [storerooms_1, entrance_room_1, metal_vault_2, armoury_1,
          mini_pit_1, grid_room_1, main_hall_1, silver_pit, the_coven_2,
          the_vestibule_1, steel_vault_5, golden_pit, hallway_of_sentries,
          crystal_vault_6, iron_vault_4, final_vault]

Skill      XL: |  1  2  3  4  5  6  7  8  9 |
---------------+----------------------------+-----
Fighting       | 3 4 6 7 8 10 11 12 | 12.7
Dodging        | 3 4 5 6 7 8 9 |  9.3
Throwing       | 3 4 5 6 7 8 9 |  9.8
Axes           | 4 6 8 9 11 12 | 12.5
Invocations    | 3 5 7 |  7.0
Armour         | 2 4 |  4.5

Action                   |  1- 3 |  4- 6 |  7- 9 || total
-------------------------+-------+-------+-------++-------
Melee: War axe           |    31 |     1 |       ||    32
       Hand axe          |       |    32 |    31 ||    63
       Broad axe         |       |       |    74 ||    74
       Morningstar       |       |       |    12 ||    12
       Punch             |       |       |     2 ||     2
Invok: Heroism           |       |       |     3 ||     3
  Use: Potion            |     1 |     1 |    12 ||    14
       Scroll            |       |       |     1 ||     1
 Stab: Sleeping          |     1 |       |     1 ||     2
       Invisible         |       |       |     2 ||     2
Armor: Robe              |     6 |     2 |    11 ||    19
       Swamp dragon scal |       |       |    37 ||    37
Dodge: Dodged            |    14 |    11 |   115 ||   140

Table legend: (Time is in decaauts)
 A = Elapsed time spent in this place.
 B = Non-inter-level travel time spent in this place.
 C = Inter-level travel time spent in this place.
 D = Time resting spent in this place.
 E = Time spent auto-exploring this place.
 F = Levels seen in this place.
 G = Mean time per level.
                   A        B        C        D        E       F      G
               +--------+--------+--------+--------+--------+-----+--------+
         Total |   3055 |   3037 |     18 |   2268 |      0 |   1 | 3055.0 |
       Dungeon |   3055 |   3037 |     18 |   2268 |      0 |   1 | 3055.0 |
               +--------+--------+--------+--------+--------+-----+--------+

Top non-repeatable levels by time:
       D: 3055 daAuts
